Map: Ultralove

Players

Jasmin - Winner!

  • Race: Terran Terran
  • League: Platinum
  • Spawn Location: 7:00

ManlyManMeat

  • Race: Protoss Protoss
  • League: Master
  • Spawn Location: 1:00

VOD

Have the link to the VOD?

Description

Time

  • Played on: June 14, 2025, 6:14 a.m.
  • Length: 10:22
Show
View Real Time Build Order
Export as new Build Order

Jasmin Terran - Winner!

Build Orders:  

Get SALT Encoding   

  12  0:00  SCV  
  13  0:12  SCV  
  14  0:17  Supply Depot  
  14  0:25  SCV  
  15  0:38  SCV  
  15  0:41  Barracks  
  16  0:43  Refinery  
  16  0:51  SCV  
  17  1:03  SCV  
  18  1:15  SCV  
  19  1:27  SCV  
  20  1:33  Command Center  
  20  1:35  Reaper  
  21  1:45  Orbital Command  
  21  1:53  Supply Depot  
  21  2:05  Factory  
  21  2:07  Marine  
  22  2:11  SCV  
  23  2:21  Refinery  
  23  2:25  Marine, SCV  
  23  2:29  Bunker  
  25  2:37  SCV  
  26  2:42  Marine  
  27  2:48  Orbital Command  
  27  2:52  Factory Tech Lab  
  27  3:02  Barracks Reactor  
  27  3:05  SCV  
  28  3:10  Refinery  
  28  3:11  Siege Tank  
  31  3:15  Barracks  
  31  3:17  SCV x2  
  33  3:29  SCV x2  
  34  3:40  Marine x2  
  36  3:41  SCV  
  36  3:42  SCV  
  36  3:43  Cyclone  
  36  3:47  Starport  
  41  3:53  SCV  
  42  3:58  Marine x2  
  42  3:59  Supply Depot  
  44  4:03  Barracks Tech Lab  
  44  4:09  SCV x2  
  46  4:16  Supply Depot  
  46  4:21  Engineering Bay  
  46  4:30  Stimpack  
  46  4:34  Liberator x2  
  46  4:36  Factory Reactor  
  52  4:41  Barracks  
  52  4:43  Combat Shield  
  52  4:47  SCV x2  
  52  4:51  Missile Turret  
  54  4:57  Supply Depot  
  54  4:59  SCV x2  
  56  5:00  Marine x2  
  58  5:11  SCV x2  
  58  5:12  Barracks  
  60  5:17  Barracks, Widow Mine  
  60  5:19  Widow Mine  
  64  5:26  SCV x2  
  66  5:32  Starport Reactor  
  66  5:35  Supply Depot  
  66  5:37  Engineering Bay  
  66  5:38  SCV x2  
  68  5:56  SCV x2  
  70  6:03  Marauder  
  70  6:04  Marauder, Marine x2  
  75  6:07  Barracks Reactor  
  73  6:12  Medivac x2  
  73  6:16  Command Center, Factory Tech Lab  
  77  6:25  Marine  
  78  6:31  Refinery  
  78  7:06  Terran Infantry Armor Level 1  
  78  7:08  Terran Infantry Weapons Level 1  
  78  7:12  Armory  
  78  7:16  Barracks  
  78  7:17  Barracks  
  78  7:19  Barracks  
  78  7:20  Supply Depot x2  
  78  7:27  Marine x5, Siege Tank, SCV, Medivac x2  
  78  7:28  Marauder  
  93  7:30  Orbital Command  
  93  7:31  Marine  
  93  7:32  Marauder  
  93  7:34  SCV  
  97  7:39  SCV  
  97  7:43  Supply Depot x2  
  98  7:44  Supply Depot  
  98  7:45  Marine x5  
  98  7:46  SCV  
  98  7:49  Marauder, Marine  
  107  7:52  Missile Turret  
  107  7:53  Marauder  
  107  7:54  Missile Turret  
  109  8:08  Orbital Command  
  109  8:19  Factory Tech Lab  
  109  8:23  Marauder x2  
  109  8:26  Barracks Tech Lab  
  113  8:27  Barracks Tech Lab  
  113  8:35  SCV x3  
  116  8:47  SCV x2  
  118  8:49  Marauder x2  
  118  8:50  Marauder x3, Marine x4  
  118  8:51  Medivac  
  118  8:52  Medivac  
  136  8:58  Missile Turret  
  136  9:02  Supply Depot  
  136  9:04  Sensor Tower  
  136  9:05  Refinery  
  136  9:07  Refinery, SCV x3  
  139  9:11  Marauder  
  143  9:17  Marauder x2, Marine x2  
  143  9:19  SCV x2  
  143  9:23  Supply Depot  
  149  9:25  Supply Depot  
  149  9:36  Marauder x3, Marine x2  
  149  9:38  Supply Depot  
  157  9:44  Marine x2  
  157  9:45  SCV x3  
  162  9:57  SCV x3  
  165  10:02  Command Center  
Show
View Real Time Build Order
Export as new Build Order

ManlyManMeat Protoss 

Build Orders: 1 Gate Expand 

Get SALT Encoding   

  12  0:00  Probe  
  13  0:12  Probe  
  14  0:19  Pylon  
  14  0:24  Probe  
  15  0:36  Probe  
  16  0:42  Gateway  
  16  0:46  Assimilator  
  16  1:00  Probe  
  17  1:12  Probe  
  18  1:28  Nexus  
  18  1:37  Cybernetics Core  
  18  1:41  Probe  
  19  1:53  Warp Gate, Probe  
  20  1:54  Pylon  
  20  2:05  Probe, Stalker  
  21  2:11  Pylon  
  21  2:21  Probe  
  24  2:31  Assimilator  
  24  2:46  Probe  
  24  2:47  Probe  
  26  2:51  Robotics Facility  
  26  2:56  Stalker  
  26  3:04  Probe x2  
  30  3:16  Probe  
  30  3:19  Gateway  
  31  3:35  Observer  
  31  3:36  Probe x2  
  33  3:45  Stalker  
  37  3:48  Probe x2  
  37  3:52  Immortal  
  37  3:54  Twilight Council  
  38  4:00  Probe x2  
  44  4:08  Assimilator  
  44  4:12  Probe x2  
  46  4:21  Stalker x2  
  50  4:27  Probe x2  
  52  4:34  Observer  
  52  4:44  Robotics Bay  
  52  4:58  Observer  
  52  4:59  Probe x2  
  54  5:09  Blink  
  54  5:10  Pylon  
  54  5:12  Nexus  
  54  5:13  Pylon  
  54  5:16  Extended Thermal Lance  
  54  5:28  Probe x2  
  56  5:38  Stalker x2  
  56  5:40  Probe x2  
  62  5:43  Shield Battery  
  62  5:51  Forge  
  62  5:52  Probe x2  
  62  5:53  Robotics Facility  
  51  6:13  Probe  
  51  6:17  Probe  
  48  6:22  Probe  
  48  6:29  Probe  
  50  6:41  Probe  
  50  6:44  Disruptor  
  55  6:48  Stalker  
  55  6:49  Stalker  
  55  6:53  Probe x3  
  62  6:56  Pylon  
  62  6:59  Pylon  
  62  7:05  Probe x2  
  64  7:14  Probe  
  64  7:17  Probe  
  64  7:18  Probe  
  64  7:22  Protoss Shields Level 1  
  67  7:27  Assimilator  
  67  7:28  Observer, Pylon  
  67  7:29  Probe, Assimilator  
  68  7:30  Pylon  
  68  7:34  Pylon, Shield Battery  
  68  7:36  Charge  
  68  7:38  Shield Battery  
  68  7:41  Pylon  
  68  7:43  Probe  
  68  7:44  Probe  
  70  7:56  Probe  
  70  8:00  Probe x2  
  70  8:04  Probe  
  73  8:07  Photon Cannon  
  73  8:12  Probe  
  75  8:13  Photon Cannon  
  75  8:18  Probe  
  75  8:19  Probe  
  76  8:24  Probe  
  77  8:27  Immortal  
  77  8:31  Probe x2  
  83  8:35  Stalker  
  83  8:36  Probe  
  86  8:41  Stalker  
  88  8:49  Probe x3  
  88  8:51  Colossus  
  97  9:07  Gateway  
  97  9:08  Gateway  
  97  9:09  Gateway  
  97  9:11  Gateway  
  97  9:16  Pylon  
  97  9:21  Warp Prism  
  99  9:39  Observer  
  99  9:44  Stalker x2  
  92  10:19  Stalker x4  
  92  10:20  Stalker  
Tags
 
Matchup
PvT
Replay Pack
Multiplayer
Spawn Locations
Cross Positions
Add a new tag
Caveats
  • Supply blocks, unpowered buildings, or Contaminate may cause inaccurate times.
  • Supply counts are checked every 10 seconds.